 Dungeon Crawl Stone Soup version 0.20.0-15-g7f486f2 (webtiles) character file.

15403 anfisbena the Carver (level 12, -13/115 HPs)
             Began as a Tengu Berserker on June 17, 2017.
             Was the Champion of Trog.
             Mangled by an orc knight
             ... wielding a +3 halberd of freezing
              (28 damage)
             ... on level 11 of the Dungeon.
             The game lasted 00:15:51 (15771 turns).

anfisbena the Carver (Tengu Berserker)             Turns: 15771, Time: 00:15:52

Health: -13/115    AC:  9    Str: 22    XL:     12   Next: 26%
Magic:  11/13      EV: 21    Int:  9    God:    Trog [******]
Gold:   687        SH:  0    Dex: 18    Spells: 11/11 levels left

rFire    + . .     SeeInvis .   a - +1 scimitar (flame)
rCold    . . .     Gourm    .   (no shield)
rNeg     . . .     Faith    +   d - +0 scale mail
rPois    .         Spirit   .   (helmet restricted)
rElec    .         Reflect  .   l - +0 cloak
rCorr    .         Harm     .   (no gloves)
MR       .....                  (boots unavailable)
Stlth    ..........             I - amulet of faith
Regen    0.3/turn               p - +5 ring of slaying
MPRegen  0.2/turn               K - ring of protection from fire

@: berserking (expiring), flying quickly and evasively, starving, very quick
A: beak, talons 3, able to fly 1
a: Berserk, Trog's Hand, Brothers in Arms, Burn Spellbooks, Renounce Religion


You were on level 11 of the Dungeon.
You worshipped Trog.
Trog was exalted by your worship.
You were starving.

You visited 1 branch of the dungeon, and saw 11 of its levels.
You also visited: Sewer.

You collected 687 gold pieces.

Inventory:

Hand Weapons
 a - a +1 scimitar of flaming (weapon)
 b - a +3 longbow of velocity
Missiles
 F - 323 arrows
Armour
 d - a +0 scale mail (worn)
 l - a +0 cloak (worn)
Jewellery
 p - a +5 ring of slaying (left hand)
 I - an amulet of faith (around neck)
 K - a ring of protection from fire (right hand)
 M - an uncursed amulet of magic regeneration {unknown}
Wands
 g - a wand of digging (2/24)
 t - a wand of flame (0/48)
 v - a wand of confusion (23/48)
 z - a wand of iceblast (6/15)
 E - a wand of random effects (32/48)
 O - a wand of flame (21/48)
 Q - a wand of flame (36/48)
Scrolls
 f - 11 scrolls of identify {unknown}
 k - 3 scrolls of random uselessness {unknown}
 o - 2 scrolls of enchant armour {unknown}
 q - 2 scrolls of blinking {unknown}
 r - 3 scrolls of teleportation {unknown}
 s - 3 scrolls of fear {unknown}
 u - 3 scrolls of magic mapping {unknown}
 y - a scroll of silence {unknown}
 B - a scroll of immolation {unknown}
 C - 7 scrolls of remove curse {unknown}
 J - 2 scrolls of enchant weapon {unknown}
 L - a scroll of recharging {unknown}
 P - a scroll of noise {unknown}
 T - 2 scrolls of vulnerability {unknown}
Potions
 e - 3 potions of curing {unknown}
 h - 3 potions of might
 i - a potion of flight {unknown}
 j - 3 potions of cancellation {unknown}
 m - 3 potions of agility {unknown}
 w - a potion of resistance {unknown}
 x - 2 potions of lignification {unknown}
 A - 2 potions of heal wounds {unknown}
 G - a potion of berserk rage {unknown}
 H - 2 potions of brilliance {unknown}
 N - a potion of mutation {unknown}
 U - a potion of ambrosia {unknown}
Books
 R - a book of Flames

   Spells                             Type                      Level
   a - Flame Tongue                   Conjuration/Fire             1
   b - Throw Flame                    Conjuration/Fire             2
   c - Conjure Flame                  Conjuration/Fire             3
   d - Inner Flame                    Hexes/Fire                   3
   e - Sticky Flame                   Conjuration/Fire             4
   f - Fireball                       Conjuration/Fire             5
   Trog disapproves of the use of such an item.
Comestibles
 c - 11 bread rations
 n - 4 royal jellies
 D - 13 meat rations


   Skills:
 - Level 10.0 Fighting
 - Level 14.0 Long Blades
 + Level 7.1 Armour
 + Level 10.7 Dodging


You had 11 spell levels left.
You didn't know any spells.

Dungeon Overview and Level Annotations

Branches:
Dungeon (11/15)            Temple (0/1) D:4            Lair (0/6) D:11
    Orc: D:9-12

Altars:
Dithmenos
Gozag
Kikubaaqudgha
Makhleb
Nemelex Xobeh
Ru
Trog
Vehumet
Yredelemnul

Shops:
D:9 :((!


Innate Abilities, Weirdness & Mutations

You have a beak for a mouth.
You have claws for feet.
You can fly.


Message History

You hit the orc knight but do no damage.
You claw the orc knight! You peck the orc knight!
The orc knight is almost dead.
The orc knight hits you with a halberd of freezing.
* * * LOW HITPOINT WARNING * * *
The orc knight freezes you.
* * * LOW HITPOINT WARNING * * *
The orc hits you but does no damage.
You hit the orc priest. You burn the orc priest. You claw the orc priest.
The orc priest is severely wounded.
The orc priest calls upon Beogh to heal the orc knight.
The orc knight is healed somewhat.
The orc warrior closely misses you.
You riposte.
You slice the orc warrior!! You burn the orc warrior.
You kill the orc warrior!
Trog accepts your kill.
You hit the orc priest. You burn the orc priest.
You kill the orc priest!
Trog accepts your kill.
The orc knight hits you with a halberd of freezing!!
You die... ooooo #.# # ### #oo.oo

#.# # ..# ##########..ooo #o# #
#.###........#....o #o###########
#..##.############# #....ooo).o..
........#.......#.###.#)##o######
##.##.#.#.............#<##.# #
......#.#.####..#[##....)oo# #
#...............@oo[..#.##.## #
......#.#.....###).#..#.#..o#####
............)...)o...........o..o
#.<.....#...#.###..#).#.#.#.####.
..#...........<...##..#.##.## #.
..#.....#....#..#.##.......# #.
........#...............##.# #.
......))[......##'###.####.# #.
..##.###.)..##.##.# #.# #.# #.


You could see an orc knight and 2 orcs.

Vanquished Creatures
  Erica (D:10)
  A centaur warrior (D:11)
  An unseen horror (D:10)
  The ghost of Exporg the Archer, a novice CeHu of Qazlal (D:8)
  2 ugly things (D:11)
  Joseph (D:7)
  2 kobold demonologists (D:11)
  A komodo dragon (D:11)
  2 polar bears (D:10)
  2 hippogriffs (D:11)
  A spriggan (D:7)
  Sigmund (D:2)
  17 yaks
  A steam dragon (D:11)
  2 hungry ghosts
  2 water moccasins
  3 sky beasts
  An eye of draining (D:11)
  13 orc warriors
  3 ice beasts
  A necrophage (D:9)
  2 black bears
  2 phantoms
  8 centaurs
  9 ogres
  3 big kobolds
  8 bullfrogs
  2 gnoll sergeants
  2 wyvern skeletons (D:7)
  2 scorpions
  6 killer bees (D:9)
  3 howler monkeys
  A centaur zombie (D:8)
  5 crimson imps
  10 orc priests
  2 hounds
  16 orc wizards
  A bullfrog skeleton (D:11)
  2 centaur skeletons
  An iguana (D:11)
  Ijyb (D:5)
  12 worker ants
  A hound zombie (D:5)
  A hound skeleton (D:9)
  3 worker ant zombies
  13 adders
  10 gnolls
  A shadow imp (D:7)
  16 oozes
  4 adder skeletons
  4 worms
  16 leopard geckos
  58 orcs
  7 bats
  9 giant cockroaches
  8 goblins
  A hobgoblin (D:1)
  10 jackals
  25 kobolds
  3 quokkas
  14 ball pythons
  20 frilled lizards
  A leopard gecko zombie (D:6)
  2 quokka skeletons (D:4)
  A quokka zombie (D:7)
  9 rats
  A plant (D:11)
395 creatures vanquished.

Vanquished Creatures (others)
  9 plants (D:11)
9 creatures vanquished.

Grand Total: 404 creatures vanquished

Notes
Turn   | Place    | Note
-------+----------+-------------------------------------------
     0 | D:1      | anfisbena the Tengu Berserker began the quest for the Orb.
     0 | D:1      | Reached XP level 1. HP: 14/14 MP: 2/2
    89 | D:1      | Reached XP level 2. HP: 14/19 MP: 3/3
   228 | D:1      | Reached skill level 4 in Long Blades
   727 | D:1      | Reached XP level 3. HP: 23/23 MP: 4/4
  1128 | D:2      | Reached ** piety under Trog
  1182 | D:2      | Reached skill level 5 in Long Blades
  1419 | D:2      | Noticed Sigmund
  1421 | D:2      | Found a basalt altar of Yredelemnul.
  1421 | D:2      | Found an ancient bone altar of Kikubaaqudgha.
  1431 | D:2      | Killed Sigmund
  1431 | D:2      | Reached skill level 6 in Long Blades
  1431 | D:2      | Reached XP level 4. HP: 28/28 MP: 5/5
  1431 | D:2      | Gained mutation: You can fly. [Tengu growth]
  1431 | D:2      | Reached XP level 5. HP: 32/32 MP: 6/6
  1542 | D:2      | Found a shadowy altar of Dithmenos.
  2047 | D:3      | Reached skill level 7 in Long Blades
  2054 | D:3      | Found an opulent altar of Gozag.
  2190 | D:3      | Found a glowing drain.
  2200 | Sewer    | Entered a sewer
  2210 | Sewer    | Reached XP level 6. HP: 37/37 MP: 7/7
  2516 | Sewer    | Reached *** piety under Trog
  2875 | Sewer    | Reached skill level 8 in Long Blades
  2881 | Sewer    | Reached XP level 7. HP: 41/41 MP: 4/8
  3192 | D:3      | Reached **** piety under Trog
  3494 | D:3      | Found a radiant altar of Vehumet.
  3495 | D:3      | Found a burning altar of Makhleb.
  3511 | D:3      | Reached skill level 9 in Long Blades
  3560 | D:3      | You fall through a shaft!
  3560 | D:4      | Found a staircase to the Ecumenical Temple.
  5212 | D:4      | Found a sparkling altar of Nemelex Xobeh.
  5234 | D:4      | Found an opulent altar of Gozag.
  5245 | D:5      | Entered Level 5 of the Dungeon
  5289 | D:5      | Reached skill level 10 in Long Blades
  5381 | D:5      | Noticed Ijyb
  5397 | D:5      | Killed Ijyb
  5397 | D:5      | Reached XP level 8. HP: 38/46 MP: 9/9
  6481 | D:5      | Reached skill level 5 in Fighting
  6813 | D:6      | Reached skill level 5 in Dodging
  7038 | D:6      | Reached ***** piety under Trog
  7075 | D:6      | Reached XP level 9. HP: 44/55 MP: 7/10
  8480 | D:7      | Identified the Almanac of Evil Rituals
  8515 | D:7      | Received a gift from Trog
  9002 | D:7      | Noticed Joseph
  9208 | D:7      | Killed Joseph
  9327 | D:7      | Found a sacrificial altar of Ru.
  9638 | D:7      | Reached XP level 10. HP: 46/64 MP: 11/11
 10032 | D:8      | Noticed Exporg's ghost (novice CeHu)
 10045 | D:8      | Killed Exporg's ghost
 10479 | D:8      | Received a gift from Trog
 11398 | D:9      | Found Loumneg's Book Shoppe.
 11695 | D:9      | Found Gaos Vevo's Antique Weapon Boutique.
 11765 | D:9      | Reached skill level 5 in Armour
 11818 | D:9      | Reached skill level 10 in Dodging
 12131 | D:9      | Found Paivisiq's Distillery.
 12188 | D:9      | Reached XP level 11. HP: 59/71 MP: 12/12
 12435 | D:9      | Found Mesiojuy's Weapon Shoppe.
 12821 | D:10     | Entered Level 10 of the Dungeon
 12856 | D:10     | Noticed Erica
 12868 | D:10     | Killed Erica
 12868 | D:10     | Reached skill level 11 in Long Blades
 13187 | D:10     | Reached ****** piety under Trog
 13190 | D:10     | Reached skill level 10 in Fighting
 13268 | D:10     | Found a bloodstained altar of Trog.
 13458 | D:10     | Killed an unseen horror
 13888 | D:11     | Noticed a white ugly thing
 13905 | D:11     | Killed a white ugly thing
 13905 | D:11     | Reached skill level 12 in Long Blades
 13921 | D:11     | Received a gift from Trog
 14054 | D:11     | Noticed a centaur warrior
 14068 | D:11     | Killed a centaur warrior
 14290 | D:11     | Noticed a cyan ugly thing
 14300 | D:11     | Killed a cyan ugly thing
 14300 | D:11     | Reached skill level 13 in Long Blades
 14736 | D:11     | Reached XP level 12. HP: 49/77 MP: 13/13
 14744 | D:11     | Reached skill level 14 in Long Blades
 15114 | D:11     | Found a staircase to the Lair.
 15771 | D:11     | Mangled by an orc knight

Skill      XL: |  1  2  3  4  5  6  7  8  9 10 11 12 |
---------------+-------------------------------------+-----
Long Blades    | 4 6 7 8 10 13 14 | 14.0
Dodging        | 5 8 10 | 10.7
Fighting       | 5 8 9 10 | 10.0
Armour         | 6 7 |  7.1

Action                   |  1- 3 |  4- 6 |  7- 9 | 10-12 || total
-------------------------+-------+-------+-------+-------++-------
Melee: Falchion          |    85 |   178 |   413 |   173 ||   849
       Kick              |    20 |    48 |   169 |   177 ||   414
       Peck              |    15 |    31 |    95 |   104 ||   245
       Scimitar          |       |       |       |   219 ||   219
Invok: Berserk           |     1 |     1 |    11 |     8 ||    21
       Burn Spellbooks   |       |       |       |     3 ||     3
 Abil: Fly               |       |     4 |     3 |     6 ||    13
 Stab: Distracted        |     1 |       |       |       ||     1
       Sleeping          |     1 |       |       |       ||     1
  Eat: Chunk             |     1 |     7 |    27 |    25 ||    60
       Meat ration       |       |       |     1 |       ||     1
       Royal jelly       |       |       |     1 |     1 ||     2
Armor: Animal skin       |    21 |       |       |       ||    21
       Scale mail        |       |    75 |    88 |    84 ||   247
       Robe              |       |       |       |     1 ||     1
Dodge: Dodged            |    38 |    89 |   185 |   257 ||   569
Block: Buckler           |       |       |    16 |     8 ||    24
       Rpst.: Falchion   |     9 |    27 |    54 |    29 ||   119
       Scimitar          |       |       |       |    33 ||    33
